 Dungeon Crawl Stone Soup version 0.27-a0-34-gc18c9092ac (webtiles) character file.

Game seed: 9455983801010457342

1 Alarkh the Grasshopper (level 1, -1/16 HPs)
             Began as a Demonspawn Warper on Jan 4, 2021.
             Slain by a ball python (2 damage)
             ... on level 1 of the Dungeon.
             The game lasted 00:00:38 (134 turns).

Alarkh the Grasshopper (Demonspawn Warper)           Turns: 134, Time: 00:00:38

Health: -1/16      AC:  3    Str: 11    XL:     1   Next: 16%
Magic:  3/3        EV: 11    Int: 14    God:
Gold:   0          SH:  0    Dex: 12    Spells: 4/4 levels left

rFire    . . .     SeeInvis .     - Unarmed
rCold    . . .     Faith    .   (no shield)
rNeg     . . .     Spirit   .   a - +0 leather armour
rPois    .         Reflect  .   (no helmet)
rElec    .         Harm     .   (no cloak)
rCorr    .         Rampage  .   (no gloves)
Will     .....                  (no boots)
Stlth    +.........             (no amulet)
HPRegen  0.05/turn              (no ring)
MPRegen  0.08/turn              (no ring)

@: no status effects
A: no striking features
a: no special abilities


You were on level 1 of the Dungeon.
You visited 1 branch of the dungeon, and saw 2 of its levels.

Inventory:

Missiles
 d - 5 boomerangs of dispersal (quivered)
Armour
 a - a +0 leather armour (worn)
Scrolls
 b - a scroll of identify {unknown}
 c - a scroll of blinking
 e - 2 scrolls of remove curse {unknown}


   Skills:
 + Level 2.0 Fighting
 - Level 0.8 Throwing
 - Level 0.8 Armour
 - Level 1.7 Dodging
 * Level 1.8 Unarmed Combat
 - Level 2.0 Spellcasting
 - Level 2.6 Translocations


You had 4 spell levels left.
You didn't know any spells.
Your spell library contained the following spells:

 Spells                   Type           Power        Failure   Level
 Blink                    Tloc           N/A          16%         2
 Gell's Gravitas          Tloc           4%           30%         3
 Lesser Beckoning         Tloc           4%           30%         3
 Teleport Other           Tloc           8%           30%         3
 Passage of Golubria      Tloc           N/A          71%         4


Dungeon Overview and Level Annotations

Branches:
Dungeon (2/15)

Altars:


Message History

The jackal closely misses you.
Found 8 boomerangs.
The jackal closely misses you. The jackal barely misses you.
A ball python comes into view.
The kobold hits you but does no damage.
A hobgoblin comes into view. It is wielding a -2 club.
The ball python bites you but does no damage.
The ball python grabs you.
* * * LOW HITPOINT WARNING * * *
The ball python constricts you.
You escape the ball python's grasp.
The hobgoblin shouts!
You hear an angry hiss.
A frilled lizard comes into view.
The kobold throws a stone.
The stone barely misses you.
The stone barely misses the hobgoblin.
An ooze comes into view.
The ooze quivers.
The ball python bites you.
You die...

...... #...≈.l..≈..
........ ###...........J
.........#.......≈≈.....
.................≈≈g....
.........# #............
.........# #...≈....≈...
##....##.###............
r...!.....r...K.........
..?####...Kg.h.S@###...
#(....K...##..##.#
...........rK###.#
..........#### #.#
..........# #.#
..........# ###
..(.......# .##########
#


You could see an ooze, a jackal, a hobgoblin, a goblin, a ball python, 2 kobolds
and 2 rats.

Vanquished Creatures
  A goblin (D:1)
1 creature vanquished.

Notes
Turn   | Place    | Note
-------+----------+-------------------------------------------
     0 | D:1      | Alarkh the Demonspawn Warper began the quest for the Orb.
     0 | D:1      | Reached XP level 1. HP: 16/16 MP: 3/3
    47 | D:1      | You fall into a shaft and drop 1 floor!
   134 | D:1      | Slain by a ball python

Illustrated notes

Levels and vault maps discovered:
D:1:      dpeg_arrival_rooms_with_view, layout_rooms, skrybe_limestone_x
D:2:      layout_loops_cross, tgw_xom

Action                   || total
-------------------------++-------
Melee: Unarmed           ||     1
Armor: Leather armour    ||    11
Dodge: Dodged            ||    21

Table legend: (Time is in decaauts)
 A = Elapsed time spent in this place.
 B = Non-inter-level travel time spent in this place.
 C = Inter-level travel time spent in this place.
 D = Time resting spent in this place.
 E = Time spent auto-exploring this place.
 F = Levels seen in this place.
 G = Mean time per level.
                   A        B        C        D        E       F      G
               +--------+--------+--------+--------+--------+-----+--------+
         Total |    134 |    120 |     14 |      0 |     25 |   2 |   67.0 |
       Dungeon |    134 |    120 |     14 |      0 |     25 |   2 |   67.0 |
               +--------+--------+--------+--------+--------+-----+--------+

Top non-repeatable levels by time:
     D:1: 81 daAuts
     D:2: 52 daAuts
